 Dungeon Crawl Stone Soup version 0.26-a0-291-g3d11bbfad5 (webtiles) character file.

Game seed: 9144895636023926867

1890 ANON1729 the Cutter (level 9, 0/69 HPs)
             Began as a Barachi Brigand on July 14, 2020.
             Slain by Prince Ribbit (10 damage)
             ... on level 8 of the Dungeon.
             The game lasted 00:16:17 (8234 turns).

ANON1729 the Cutter (Barachi Brigand)               Turns: 8234, Time: 00:16:18

Health: 0/69       AC:  6    Str: 13    XL:     9   Next: 15%
Magic:  9/9        EV: 15    Int: 11    God:
Gold:   670        SH:  0    Dex: 17    Spells: 8/8 levels left

rFire    . . .     SeeInvis .   i - +1 dagger (speed)
rCold    . . .     Faith    .   (no shield)
rNeg     . . .     Spirit   .   b - +0 robe
rPois    .         Reflect  .   (no helmet)
rElec    .         Harm     .   (no cloak)
rCorr    .                      (no gloves)
MR       +....                  (no boots)
Stlth    +++.......             (no amulet)
HPRegen  0.21/turn              f - +4 ring of protection
MPRegen  0.11/turn              C - ring of protection from magic

@: can't hop, slow
A: +LOS, swims, slowness 1, strong legs 1
a: Hop


You were on level 8 of the Dungeon.
You visited 2 branches of the dungeon, and saw 9 of its levels.
You also visited: Ossuary.

You collected 670 gold pieces.

Inventory:

Hand Weapons
 a - a +2 dagger
 i - a +1 dagger of speed (weapon)
 o - a +0 dagger of distortion
Missiles
 d - 14 poisoned darts (quivered)
 e - 10 curare-tipped darts
Armour
 b - a +0 robe (worn)
 c - a +0 cloak
 v - a scarf of harm
Jewellery
 f - a +4 ring of protection (left hand)
 n - an uncursed ring of flight
 C - a ring of protection from magic (right hand)
 H - an uncursed ring of ice
 K - an uncursed ring of wizardry
 L - an uncursed ring of fire
Wands
 x - a wand of iceblast (8)
 y - a wand of paralysis (9)
 D - a wand of polymorph (6)
Scrolls
 h - a scroll of identify
 k - a scroll of enchant weapon {unknown}
 l - 6 scrolls of amnesia
 m - 4 scrolls of fog
 p - 3 scrolls of teleportation
 t - 2 scrolls of remove curse
 u - a scroll of enchant armour {unknown}
 B - a scroll of fear {unknown}
 E - a scroll of holy word {unknown}
 F - a scroll of magic mapping {unknown}
 I - a scroll of acquirement {unknown}
Potions
 g - a potion of cancellation {unknown}
 j - 2 potions of brilliance
 q - a potion of degeneration
 A - a potion of might {unknown}
 G - a potion of berserk rage {unknown}
 J - a potion of heal wounds {unknown}


   Skills:
 * Level 5.9 Fighting
 * Level 6.8 Short Blades
 + Level 4.9 Throwing
 + Level 4.2 Armour
 * Level 5.1 Dodging
 + Level 5.8 Stealth


You had 8 spell levels left.
You didn't know any spells.
Your spell library contained the following spells:

 Spells                   Type           Power        Failure   Level
 Beastly Appendage        Tmut           #.....       34%         1
 Sticks to Snakes         Tmut           #.......     47%         2
 Spider Form              Tmut/Pois      #.........   71%         3
 Ice Form                 Ice/Tmut       #.......     98%         4
 Blade Hands              Tmut           #.........   100%        5


Dungeon Overview and Level Annotations

Branches:
Dungeon (8/15)             Temple (1/1) D:5         Ossuary (visited)
   Lair: D:8-11

Altars:
Ashenzari
Cheibriados
Elyvilon
Fedhas
Gozag
Hepliaklqana
Kikubaaqudgha
Makhleb
Nemelex Xobeh
Okawaru
Qazlal
Ru
Trog
Uskayaw
Vehumet
Wu Jian
Xom
Yredelemnul
Zin
The Shining One

Shops:
D:5 :

Annotations:
D:8 Prince Ribbit


Innate Abilities, Weirdness & Mutations

You can be seen from farther away. (+LOS)
You can swim through water.
You cover ground slowly.
You can hop short distances.


Message History

Prince Ribbit hits you but does no damage.
You closely miss Prince Ribbit.
Prince Ribbit is heavily wounded.
You hit Prince Ribbit.
Prince Ribbit is heavily wounded.
Prince Ribbit hits you!
You hit Prince Ribbit.
Prince Ribbit is heavily wounded.
Prince Ribbit hits you! Prince Ribbit hits you!
* * * LOW HITPOINT WARNING * * *
Hop to where?
Press: ? - help, Dir - move target cursor Boing!
Prince Ribbit catches a mosquito with his tongue.
Prince Ribbit closely misses you.
You feel better. Prince Ribbit hits you.
* * * LOW HITPOINT WARNING * * *
Prince Ribbit hits you!
You die...

##.......## #....?....#
+.........+ #.........#
##...°...## ##.....##
##...## ##F## #@#
#####.##### #.........#
#<##...##.# #.#....[#)#
.######.##...#..########.#
#...........#..#..........#
########.##...#..##########
#.###.....#


You could see Prince Ribbit.

Vanquished Creatures
  Psyche (D:8)
  2 ice beasts
  2 black bears (D:7)
  An ogre (D:7)
  An elf zombie (Ossuary)
  3 killer bees (D:7)
  2 scorpions
  2 howler monkeys (D:7)
  A bullfrog skeleton (D:7)
  3 hounds
  An iguana (D:6)
  Natasha (thrice) (D:2)
  5 orc wizards
  4 worker ants
  2 mummies (Ossuary)
  A howler monkey skeleton (D:5)
  4 gnolls
  9 adders
  A white imp (D:7)
  An ufetubus (D:2)
  3 oozes
  An adder zombie (D:5)
  3 adder skeletons
  3 worms (D:2)
  5 leopard geckos
  14 orcs
  6 bats
  4 giant cockroaches
  2 gnoll zombies (Ossuary)
  7 goblins
  3 hobgoblins
  6 jackals
  10 kobolds
  2 quokkas
  A ball python (D:2)
  2 frilled lizards
  3 goblin zombies
  3 hobgoblin zombies (Ossuary)
  6 orc zombies (Ossuary)
  A quokka zombie (D:7)
  15 rats
149 creatures vanquished.

Vanquished Creatures (others)
  A gnoll sergeant (D:7)
  A hound skeleton (D:7)
  An orc (D:7)
  A leopard gecko zombie (D:7)
4 creatures vanquished.

Grand Total: 153 creatures vanquished

Notes
Turn   | Place    | Note
-------+----------+-------------------------------------------
     0 | D:1      | ANON1729 the Barachi Brigand began the quest for the Orb.
     0 | D:1      | Reached XP level 1. HP: 17/17 MP: 1/1
   118 | D:1      | Reached XP level 2. HP: 23/23 MP: 2/2
   976 | D:1      | Reached XP level 3. HP: 24/28 MP: 3/3
  1583 | D:2      | Reached XP level 4. HP: 35/35 MP: 4/4
  2195 | D:2      | Noticed Natasha
  2211 | D:2      | Killed Natasha
  2211 | D:2      | Reached skill level 3 in Short Blades
  2227 | D:2      | Reached XP level 5. HP: 41/41 MP: 5/5
  2308 | D:2      | Noticed Natasha
  2327 | D:2      | Killed Natasha
  2423 | D:2      | Noticed Natasha
  2447 | D:2      | Killed Natasha
  3348 | D:4      | Reached XP level 6. HP: 48/48 MP: 6/6
  3501 | D:5      | Entered Level 5 of the Dungeon
  3786 | D:5      | Found an ancient bone altar of Kikubaaqudgha.
  3816 | D:5      | Found a radiant altar of Vehumet.
  3930 | D:5      | Noticed an ice beast
  3935 | D:5      | Killed an ice beast
  3935 | D:5      | Reached skill level 4 in Short Blades
  3935 | D:5      | Reached skill level 1 in Armour
  3947 | D:5      | Found Ehaesun's Book Shop.
  4153 | D:5      | Reached XP level 7. HP: 53/54 MP: 7/7
  4230 | D:5      | Found a staircase to the Ecumenical Temple.
  4256 | Temple   | Entered the Ecumenical Temple
  5800 | D:7      | Found a sand-covered staircase.
  5814 | D:7      | Reached skill level 5 in Stealth
  5826 | Ossuary  | Entered an ossuary
  6324 | Ossuary  | Reached skill level 5 in Short Blades
  6344 | Ossuary  | Reached XP level 8. HP: 52/61 MP: 8/8
  6455 | D:7      | Reached skill level 5 in Fighting
  7360 | D:7      | Reached skill level 6 in Short Blades
  7824 | D:8      | Noticed a hippogriff
  7868 | D:8      | Noticed Psyche
  7886 | D:8      | Killed Psyche
  7886 | D:8      | Reached skill level 5 in Dodging
  7886 | D:8      | Reached XP level 9. HP: 52/69 MP: 9/9
  7984 | D:8      | Noticed Prince Ribbit
  8234 | D:8      | Slain by Prince Ribbit

Illustrated notes

Levels and vault maps discovered:
D:1:      dpeg_arrival_round_c, layout_basic, minmay_misc_feat_five,
          hangedman_decor_push
D:2:      layout_basic, minmay_misc_feat_iff, minmay_rat_gold_closets,
          uniq_natasha
D:3:      layout_rooms
D:4:      layout_gridville, kennysheep_little_box, uniq_ijyb
D:5:      layout_basic, kiku_gazebo_pond_becter, fiery_altar_vehumet,
          temple_doors_e, serial_shops, shop, nrook_pool_corridor
D:6:      layout_basic
D:7:      lemuel_ice_spiral_2, layout_rooms, enter_ossuary_4
D:8:      layout_loops_corners, grunt_dithmenos_smoke_and_mirrors,
          minmay_pinched_square, uniq_psyche, uniq_erica, uniq_prince_ribbit1,
          uniq_harold
Temple:   eino_narrow_crystal_temple

Skill      XL: |  1  2  3  4  5  6  7  8 |
---------------+-------------------------+-----
Fighting       | 3 4 5 |  5.9
Dodging        | 2 3 4 5 |  5.1
Stealth        | 4 5 |  5.8
Short Blades   | 3 4 5 6 |  6.8
Throwing       | 3 4 |  4.9
Armour         | 1 2 4 |  4.2

Action                   |  1- 3 |  4- 6 |  7- 9 || total
-------------------------+-------+-------+-------++-------
Melee: Dagger            |   118 |   357 |   665 ||  1140
Throw: Dart              |       |       |    19 ||    19
 Abil: Hop               |       |       |     8 ||     8
Evoke: Wand              |       |       |    11 ||    11
  Use: Scroll            |       |       |     7 ||     7
       Potion            |       |       |     9 ||     9
 Stab: Sleeping          |     9 |    12 |     7 ||    28
       Invisible         |       |       |     5 ||     5
       Paralysed         |       |       |     4 ||     4
Armor: Robe              |    25 |    68 |    86 ||   179
Dodge: Dodged            |    50 |   128 |   258 ||   436

Table legend:
 A = Non-vault XP
 B = Vault XP
 C = Vault XP percentage of total XP
 D = Non-vault monster count
 E = Vault monster count
 F = Vault count percentage of total count
                 A         B        C        D         E       F
            +---------+---------+-------+---------+---------+-------
      Total |    2053 |     648 |  24.0 |     120 |      29 |  19.5
            +---------+---------+-------+---------+---------+-------
        D:1 |      47 |       0 |   0.0 |      23 |       0 |   0.0
        D:2 |     152 |      44 |  22.4 |      24 |      10 |  29.4
        D:3 |      66 |       0 |   0.0 |      11 |       0 |   0.0
        D:4 |      79 |       0 |   0.0 |       8 |       0 |   0.0
        D:5 |     256 |       0 |   0.0 |      10 |       0 |   0.0
        D:6 |     219 |       0 |   0.0 |      17 |       0 |   0.0
        D:7 |    1151 |       2 |   0.2 |      24 |       2 |   7.7
        D:8 |       0 |     448 | 100.0 |       0 |       1 | 100.0
     Temple |      83 |       0 |   0.0 |       3 |       0 |   0.0
    Ossuary |       0 |     154 | 100.0 |       0 |      16 | 100.0
            +---------+---------+-------+---------+---------+-------
